 Dungeon Crawl Stone Soup version 0.25.1-2-g60ff931df9 (webtiles) character file.

Game seed: 3406559136883283913

613 soundwave89 the Chopper (level 7, -2/62 HPs)
             Began as a Minotaur Fighter on Nov 6, 2020.
             Slain by a centaur (7 damage)
             ... on level 5 of the Dungeon.
             The game lasted 00:30:59 (4678 turns).

soundwave89 the Chopper (Minotaur Fighter)          Turns: 4678, Time: 00:30:59

Health: -2/62      AC: 11    Str: 22    XL:     7   Next: 20%
Magic:  6/6        EV: 12    Int:  5    God:
Gold:   259        SH: 10    Dex: 10    Spells: 6/6 levels left

rFire    . . .     SeeInvis .   a - +0 war axe
rCold    . . .     Gourm    .   c - +0 kite shield
rNeg     . . .     Faith    .   t - +0 scale mail
rPois    .         Spirit   .   (helmet restricted)
rElec    .         Reflect  .   (no cloak)
rCorr    .         Harm     .   (no gloves)
MR       .....                  (no boots)
Stlth    ..........             (no amulet)
HPRegen  0.20/turn              e - +4 ring of protection
MPRegen  0.10/turn              q - +4 ring of evasion

@: flying
A: retaliatory headbutt, horns 2
a: no special abilities


You were on level 5 of the Dungeon.
You were not hungry.

You visited 1 branch of the dungeon, and saw 6 of its levels.
You also visited: Sewer.

You collected 259 gold pieces.

Inventory:

Hand Weapons
 a - a +0 war axe (weapon)
Armour
 b - a +0 scale mail
 c - a +0 kite shield (worn)
 t - a +0 scale mail (worn)
Jewellery
 e - a +4 ring of protection (left hand)
 q - a +4 ring of evasion (right hand)
 u - a +4 ring of evasion
Scrolls
 g - a scroll of teleportation
 i - a scroll of blinking {unknown}
 k - a scroll of enchant armour {unknown}
 l - a scroll of magic mapping
 m - a scroll of immolation {unknown}
 p - 2 scrolls of enchant weapon {unknown}
 r - 2 scrolls of identify
Potions
 h - 2 potions of cancellation
 j - 2 potions of flight
 n - 3 potions of curing
 o - a potion of lignification {unknown}
 s - a potion of stabbing {unknown}
 v - 2 potions of haste {unknown}
Comestibles
 f - 10 rations


   Skills:
 * Level 5.8 Fighting
 + Level 6.5 Axes
 + Level 5.2 Armour
 - Level 0.8 Dodging
 + Level 5.1 Shields


You had 6 spell levels left.
You didn't know any spells.
Your spell library was empty.

Dungeon Overview and Level Annotations

Branches:
Dungeon (6/15)              Sewer (visited)
 Temple: D:4-7

Altars:
Okawaru
Trog


Innate Abilities, Weirdness & Mutations

You reflexively headbutt those who attack you in melee.
You have a pair of horns on your head.


Message History

The centaur hits you but does no damage.
You block the centaur's attack.
You fly downwards.
An orc, an orc warrior and an orc priest come into view.
The orc warrior is wielding a +0 vorpal battleaxe.
The orc warrior shouts!
The orc priest shouts!
The orc shouts!
Found a scroll labeled AHAUF MOM COOPS and 10 gold pieces.
There is a stone staircase leading up here.
The centaur hits you.
* * * LOW HITPOINT WARNING * * *
You fly upwards.
There is a stone staircase leading down here.
You are too injured to fight recklessly!
You are too injured to fight recklessly!
You are too injured to fight recklessly!
Unknown command.
Your shield and scale mail prevent you from hitting the centaur.
The centaur is moderately wounded.
You block the centaur's attack. The centaur hits you!
You die...

... #.# #.# #.# #.# #.#
#.####### #.....@.#
####..#.#.c......
##(.........#...!.
###..##.....### ....
###....###...## #.....
#.............##.....#
##.##.##..##...#.....##
#(.#...#..##.####.....
#.........#.........#
..


You could see a centaur.

Vanquished Creatures
  A phantom (D:4)
  A centaur (D:3)
  A big kobold (Sewer)
  2 orc priests (D:3)
  A hound (D:4)
  2 orc wizards (D:4)
  Natasha (thrice) (D:3)
  2 adders
  2 river rats (D:4)
  6 worms
  4 dart slugs
  2 leopard geckos (D:4)
  11 orcs
  2 ball pythons
  6 giant cockroaches
  4 goblins
  5 hobgoblins
  11 jackals
  9 kobolds
  5 bats
  4 frilled lizards
  A quokka skeleton (D:4)
  12 rats
97 creatures vanquished.

Notes
Turn   | Place    | Note
-------+----------+-------------------------------------------
     0 | D:1      | soundwave89 the Minotaur Fighter began the quest for the
                  | Orb.
     0 | D:1      | Reached XP level 1. HP: 19/19 MP: 0/0
   448 | D:1      | Reached XP level 2. HP: 27/27 MP: 1/1
  1088 | D:2      | Reached XP level 3. HP: 33/33 MP: 2/2
  1167 | D:2      | Reached skill level 3 in Axes
  1555 | D:2      | Noticed a moth of wrath
  1559 | D:2      | Found a bloodstained altar of Trog.
  1566 | D:2      | Reached XP level 4. HP: 32/40 MP: 3/3
  2484 | D:3      | Noticed Natasha
  2494 | D:3      | Killed Natasha
  2628 | D:3      | Noticed Natasha
  2634 | D:3      | Killed Natasha
  2634 | D:3      | Reached skill level 4 in Axes
  2634 | D:3      | Reached XP level 5. HP: 42/47 MP: 4/4
  2647 | D:3      | Noticed Natasha
  2655 | D:3      | Killed Natasha
  3120 | D:3      | Reached skill level 5 in Fighting
  3177 | D:3      | Noticed a centaur
  3182 | D:3      | Killed a centaur
  3182 | D:3      | Reached skill level 5 in Axes
  3182 | D:3      | Reached XP level 6. HP: 55/56 MP: 5/5
  3608 | D:4      | Reached skill level 5 in Armour
  3614 | D:4      | Reached skill level 6 in Axes
  3896 | D:4      | Reached skill level 5 in Shields
  3953 | D:4      | Found a glowing drain.
  4024 | D:4      | Reached XP level 7. HP: 61/61 MP: 6/6
  4037 | Sewer    | Entered a sewer
  4290 | Sewer    | Found a white marble altar of Elyvilon.
  4609 | D:5      | Entered Level 5 of the Dungeon
  4631 | D:5      | HP: 1/62 [orc priest/divine providence (10)]
  4644 | D:5      | Found an iron altar of Okawaru.
  4648 | D:5      | HP: 2/62 [centaur/arrow (2)]
  4678 | D:5      | Slain by a centaur

Illustrated notes

Levels and vault maps discovered:
D:1:      scummos_arrival_checkerplants, layout_loops_corners
D:2:      minmay_inner_zag, layout_basic, tgw_trog
D:3:      layout_loops_ring, first_ration, uniq_natasha
D:4:      lemuel_upstairs_altar, layout_loops_ring, portal_sewer_entry_c
D:5:      layout_cave_pools, kennysheep_mini_moat, okawaru_gym_becter,
          serial_column_ruins, column_ruins_hut_ruined, column_ruins_hut,
          column_ruins_open_tiny, column_ruins_columns_T,
          column_ruins_corridor_straight, column_ruins_grid_2,
          column_ruins_open_tiny, column_ruins_open_tiny_water, chequers_avenue,
          uniq_crazy_yiuf_cottage, uniq_grinder
D:6:      layout_loops_corners, fedhas_altar_fruit_tree,
          minmay_temple_entry_hall, gammafunk_ghost_nasty_kobolds

Skill      XL: |  1  2  3  4  5  6 |
---------------+-------------------+-----
Shields        | 4 5 |  5.1
Armour         | 4 5 |  5.2
Fighting       | 4 5 |  5.8
Axes           | 3 4 5 6 |  6.5
Dodging        | |  0.8

Action                   |  1- 3 |  4- 6 |  7- 9 || total
-------------------------+-------+-------+-------++-------
Melee: War axe           |    86 |   101 |    37 ||   224
       Headbutt          |    12 |    22 |     5 ||    39
  Use: Scroll            |       |     5 |     1 ||     6
       Potion            |       |     1 |     2 ||     3
  Eat: Chunk             |     2 |     1 |     2 ||     5
       Ration            |       |     2 |       ||     2
Armor: Scale mail        |    33 |    38 |    19 ||    90
Dodge: Dodged            |    17 |    35 |    32 ||    84
Block: Kite shield       |    43 |    45 |    33 ||   121
